 Adventure DCSS version bcrawl-1.18.1 (webtiles) character file.

Game seed: 14791723274798048401

1071 polve the Basher (level 8, -10/56 HPs)
             Began as a Gargoyle Berserker on Nov 2, 2019.
             Was an Elder of Trog.
             Mangled by an ogre
             ... wielding a +0 giant club
              (18 damage)
             ... on level 7 of the Dungeon on Nov 3, 2019.
             The game lasted 00:10:12 (7120 turns).

polve the Basher (Gargoyle Berserker)               Turns: 7120, Time: 00:10:13

Health: -10/56     AC: 13    Str: 22    XL:     8   Next: 28%
Magic:  8/8        EV: 12    Int:  7    God:    Trog [****..]
Gold:   429        SH:  0    Dex: 12    Spells: 7/7 levels left
                                        Lives:  0   Deaths: 2

rFire    . . .     SeeInvis .   y - +1 flail (holy)
rCold    . . .     Gourm    +   (no shield)
rNeg     + . .     Faith    .   v - +0 troll leather armour {Purgy}
rPois    ∞         Spirit   .   n - +0 helmet
rElec    +         Reflect  .   (no cloak)
rCorr    +         Harm     .   (no gloves)
MR       .....                  d - +0 pair of boots
Stlth    +.........             t - amulet of the gourmand
HPRegen  0.58/turn              a - ring of resist corrosion
MPRegen  0.11/turn              (no ring)

@: no status effects
A: negative energy resistance 1, electricity resistance, unbreathing,
petrification resistance, rot immunity, AC +5
a: Berserk, Trog's Hand, Brothers in Arms, Renounce Religion


You were on level 7 of the Dungeon.
You worshipped Trog.
Trog was greatly pleased with you.
You were not hungry.

You visited 1 branch of the dungeon, and saw 7 of its levels.
You also visited: Sewer and Ossuary.

You collected 879 gold pieces.
You spent 450 gold pieces at shops.

Inventory:

Hand Weapons
 y - a +1 flail of holy wrath (weapon)
Missiles
 p - a throwing net (quivered) {!f}
Armour
 d - a +0 pair of boots (worn)
 n - a +0 helmet (worn)
 v - a +0 troll leather armour (worn) {Purgy}
Jewellery
 a - a ring of resist corrosion (left hand)
 t - an amulet of the gourmand (around neck)
 z - an uncursed amulet of faith {unknown}
Wands
 A - a wand of digging (8)
Scrolls
 b - 2 scrolls of fear {unknown}
 g - 6 scrolls of enchant weapon {unknown}
 h - 5 scrolls of identify {unknown}
 i - 6 scrolls of teleportation {unknown}
 j - 7 scrolls of remove curse {unknown}
 k - a scroll of amnesia {unknown}
 m - a scroll of blinking {unknown}
 q - 2 scrolls of magic mapping {unknown}
 r - a scroll of enchant armour {unknown}
Potions
 e - 8 potions of curing {unknown}
 f - 3 potions of magic {unknown}
 l - a potion of haste {unknown}
 o - 3 potions of flight {unknown}
 s - a potion of mutation {unknown}
 u - 2 potions of agility {unknown}
 w - a potion of degeneration {unknown}
 x - a potion of experience {unknown}
 C - a potion of might {unknown}
Comestibles
 c - 10 rations {!d}


   Skills:
 + Level 9.1 Fighting
 * Level 11.3 Maces & Flails
 - Level 6.1 Armour
 - Level 1.5 Dodging


You had 7 spell levels left.
You didn't know any spells.
Your spell library was empty.

Dungeon Overview and Level Annotations

Branches:
Dungeon (7/12)             Temple (0/1) D:6            Lair (0/6) D:7

Altars:
Cheibriados
Fedhas
Hepliaklqana
Okawaru
Qazlal
Ru
Sif Muna
Trog
Uskayaw
Xom

Shops:
D:5 =

Annotations:
D:4 1 runed translucent door, dscm's ghost, weakling DsAc


Innate Abilities, Weirdness & Mutations

You are resistant to torment.
Your stone body is resilient. (AC +5)
You are immune to poison.
You resist negative energy. (rN+)
You are resistant to electric shocks. (rElec)
You can survive without breathing.
You are immune to petrification.
You are immune to rotting.


Message History

An ogre is nearby!
You completely miss the ogre. The ogre hits you but does no damage.
The ogre closely misses you. The ogre completely misses you.
The ogre hits you with a +0 giant club!!
The ogre hits you with a +0 giant club!
* * * LOW HITPOINT WARNING * * *
The ogre hits you with a +0 giant club!
* * * LOW HITPOINT WARNING * * *
The ogre barely misses you. The ogre barely misses you.
The ogre barely misses you. The ogre barely misses you.
The ogre hits you with a +0 giant club.
* * * LOW HITPOINT WARNING * * *
The ogre hits you with a +0 giant club!
* * * LOW HITPOINT WARNING * * *
The ogre hits you with a +0 giant club!!
You die...

..................
................<.
.....#........#...
.....#.[.....## ..
....##.......## #
.....##..>......
....##......####
...........#######
...........##÷÷.@#####
....÷......##%☼O#..#.##
...........##[.%###.÷.####
...........######
##.....### ............#
#..###......#
............#
.....#...#..#
...........## #)......##
#............ ####.....#
÷..........#.
#.)......#..#


You could see an ogre.

Vanquished Creatures
  A two-headed ogre (D:6)
  Grinder (D:6)
  Sigmund (D:6)
  Menkaure (D:6)
  Edmund (D:5)
  Purgy (Sewer)
  An orc warrior (D:5)
  5 porcupines (D:7)
  2 phantoms
  A sky beast (D:5)
  3 ogres
  2 black bears
  3 centaurs
  A crocodile (D:7)
  2 bullfrogs
  2 scorpions (D:6)
  4 killer bees (D:5)
  3 bullfrog zombies
  2 crimson imps
  A centaur zombie (Ossuary)
  A hound (D:5)
  An orc priest (D:3)
  A jelly (D:5)
  3 bullfrog skeletons
  2 worker ants (D:4)
  2 mummies (Ossuary)
  2 worker ant zombies
  Robin (D:2)
  4 adders
  3 oozes
  An adder skeleton (D:4)
  6 worms
  2 dart slugs
  8 leopard geckos
  16 orcs
  5 giant cockroaches
  5 gnoll zombies (Ossuary)
  9 hobgoblins
  5 jackals
  10 kobolds
  2 quokkas
  4 bats
  A frilled lizard (D:1)
  20 goblins
  3 goblin zombies
  2 hobgoblin zombies (Ossuary)
  A jackal zombie (D:6)
  4 orc zombies (Ossuary)
  A quokka zombie (D:4)
  8 rats
171 creatures vanquished.

Vanquished Creatures (others)
  A fungus (D:7)
1 creature vanquished.

Grand Total: 172 creatures vanquished

Notes
Turn   | Place    | Note
-------+----------+-------------------------------------------
     0 | D:1      | polve the Gargoyle Berserker began the quest for the Orb.
     0 | D:1      | Reached XP level 1. HP: 14/14 MP: 1/1
   178 | D:1      | Reached XP level 2. HP: 9/19 MP: 2/2
   823 | D:1      | Reached XP level 3. HP: 23/23 MP: 3/3
  1230 | D:2      | Reached ** piety under Trog
  1250 | D:2      | Found an iron altar of Okawaru.
  1250 | D:2      | Found a hazy altar of Hepliaklqana.
  1331 | D:2      | Noticed Robin
  1340 | D:2      | Killed Robin
  1343 | D:2      | Reached skill level 4 in Maces & Flails
  1345 | D:2      | Reached XP level 4. HP: 26/29 MP: 4/4
  1463 | D:2      | Found a faded altar of an unknown god.
  1913 | D:2      | Found a sacrificial altar of Ru.
  2173 | D:3      | Reached XP level 5. HP: 23/33 MP: 5/5
  2440 | D:3      | Found a stormy altar of Qazlal.
  2476 | D:3      | Reached *** piety under Trog
  2646 | D:3      | Found a blossoming altar of Fedhas.
  3185 | D:4      | Noticed dscm's ghost (weakling DsAc)
  3191 | D:4      | Found a runed translucent door.
  3373 | D:4      | Found a snail-covered altar of Cheibriados.
  3466 | D:4      | Reached skill level 5 in Maces & Flails
  3507 | D:4      | Reached XP level 6. HP: 26/39 MP: 6/6
  3704 | D:4      | Found a sand-covered staircase.
  3711 | Ossuary  | Entered an ossuary
  4269 | D:4      | Reached skill level 5 in Fighting
  4269 | D:4      | Reached skill level 6 in Maces & Flails
  4269 | D:4      | Reached XP level 7. HP: 44/44 MP: 7/7
  4651 | D:5      | Entered Level 5 of the Dungeon
  4706 | D:5      | Found a glowing drain.
  4727 | Sewer    | Entered a sewer
  4804 | Sewer    | Reached **** piety under Trog
  4846 | Sewer    | Noticed Purgy
  4861 | Sewer    | Killed Purgy
  4861 | Sewer    | Reached skill level 5 in Armour
  4972 | D:5      | Reached skill level 7 in Maces & Flails
  4972 | D:5      | Reached XP level 8. HP: 34/51 MP: 8/8
  5125 | D:5      | Found Igifud's Jewellery Shoppe.
  5165 | D:5      | Bought an uncursed amulet of the gourmand for 450 gold
                  | pieces
  5173 | D:5      | Noticed Edmund
  5201 | D:5      | Killed Edmund
  5611 | D:5      | Found a shimmering altar of Xom.
  5611 | D:5      | Found a bloodstained altar of Trog.
  5612 | D:5      | Found a shimmering blue altar of Sif Muna.
  5693 | D:5      | Reached skill level 8 in Maces & Flails
  6132 | D:6      | Noticed a two-headed ogre
  6148 | D:6      | Killed a two-headed ogre
  6148 | D:6      | Reached skill level 9 in Maces & Flails
  6148 | D:6      | Reached XP level 9. HP: 48/57 MP: 9/9
  6174 | D:6      | Noticed Menkaure
  6183 | D:6      | Killed Menkaure
  6225 | D:6      | Found a hide-covered altar of Uskayaw.
  6263 | D:6      | Found a staircase to the Ecumenical Temple.
  6263 | D:6      | Noticed Grinder
  6278 | D:6      | Killed Grinder
  6278 | D:6      | Reached skill level 10 in Maces & Flails
  6405 | D:6      | Noticed Sigmund
  6425 | D:6      | Killed Sigmund
  6671 | D:6      | Reached XP level 10. HP: 59/65 MP: 10/10
  6960 | D:7      | Found a staircase to the Lair.
  6979 | D:7      | Reached skill level 11 in Maces & Flails
  7001 | D:7      | Impaled on a porcupine's spines
  7002 | D:7      | Reached XP level 9. HP: -1/90 MP: 9/9
  7092 | D:7      | HP: 2/60 [porcupine's spines (11)]
  7092 | D:7      | Mangled by a porcupine
  7093 | D:7      | Reached XP level 8. HP: -7/56 MP: 8/8
  7120 | D:7      | Mangled by an ogre

Skill      XL: |  1  2  3  4  5  6  7  8  9 10 |
---------------+-------------------------------+-----
Maces & Flails | 4 5 6 7 9 10 11 | 11.3
Armour         | 3 4 5 6 |  6.1
Fighting       | 4 5 7 8 9 |  9.1
Dodging        | |  1.5

Action                   |  1- 3 |  4- 6 |  7- 9 | 10-12 || total
-------------------------+-------+-------+-------+-------++-------
Melee: Mace              |   104 |   287 |   180 |       ||   571
       Flail             |       |       |   138 |    30 ||   168
Invok: Berserk           |       |     5 |     6 |     1 ||    12
       Trog's Hand       |       |       |     1 |       ||     1
  Eat: Chunk             |     1 |    11 |    33 |     1 ||    46
       Ration            |       |     1 |       |       ||     1
Armor: Animal skin       |     7 |       |       |       ||     7
       Scale mail        |    50 |    31 |       |       ||    81
       Leather armour    |       |   114 |    57 |       ||   171
       Troll leather arm |       |       |   113 |    15 ||   128
Dodge: Dodged            |    73 |   203 |   169 |    25 ||   470
